 Dungeon Crawl Stone Soup version 0.23.2 (webtiles) character file.

Game seed: 9580657129740758328

23 Lusmu the Chiller (level 3, -1/24 HPs)
             Began as a Merfolk Ice Elementalist on Apr 7, 2019.
             Was a Follower of Dithmenos.
             Slain by a gnoll
             ... wielding a +0 spear
              (10 damage)
             ... on level 1 of the Dungeon.
             The game lasted 00:03:33 (1226 turns).

Lusmu the Chiller (Merfolk Ice Elementalist)        Turns: 1226, Time: 00:03:34

Health: -1/24      AC:  6    Str:  9    XL:     3   Next: 0%
Magic:  6/6        EV: 12    Int: 14    God:    Dithmenos [*.....]
Gold:   27         SH:  0    Dex: 14    Spells: 5/6 levels left

rFire    . . .     SeeInvis .   (no weapon)
rCold    . . .     Gourm    .   (no shield)
rNeg     . . .     Faith    .   f - +0 leather armour
rPois    .         Spirit   .   (no helmet)
rElec    .         Reflect  .   (no cloak)
rCorr    .         Harm     .   (no gloves)
MR       .....                  g - +2 pair of boots
Stlth    ++........             (no amulet)
HPRegen  0.08/turn              (no ring)
MPRegen  0.10/turn              (no ring)

@: wreathed by umbra
A: change form in water, swift swim, stealthy swim
a: Renounce Religion


You were on level 1 of the Dungeon.
You worshipped Dithmenos.
Dithmenos was aware of your devotion.
You were very hungry.

You visited 1 branch of the dungeon, and saw 2 of its levels.

You collected 27 gold pieces.

Inventory:

Hand Weapons
 i - a +0 club
Missiles
 a - 30 stones (quivered)
Armour
 f - a +0 leather armour (worn)
 g - a +2 pair of boots (worn)
Scrolls
 e - a scroll of remove curse
 h - a scroll of blinking
Potions
 d - a potion of heal wounds {unknown}
Comestibles
 c - 3 rations


   Skills:
 - Level 2.6 Dodging
 + Level 2.9 Stealth
 + Level 2.4 Spellcasting
   Level 0.7 Conjurations
 + Level 3.7 Ice Magic


You had 5 spell levels left.
You knew the following spells:

 Your Spells              Type           Power        Failure   Level  Hunger
a - Freeze                Ice            ##..         7%          1    #......

Your spell library contained the following spells:

 Spells                   Type           Power        Failure   Level  Hunger
 Throw Frost              Conj/Ice       #.....       19%         2    ###....
 Ozocubu's Armour         Chrm/Ice       #.......     41%         3    ###....
 Throw Icicle             Conj/Ice       #.......     77%         4    #####..
 Summon Ice Beast         Ice/Summ       #.......     83%         4    #####..


Dungeon Overview and Level Annotations

Branches:
Dungeon (2/15)

Altars:
Dithmenos


Message History

A gnoll comes into view. It is wielding a +0 club.
The gnoll moves out of view.
Things that are here:
a +0 club; a goblin corpse
i - a +0 club
There is a stone staircase leading up here.
The gnoll hits you with a +0 spear.
There is a stone staircase leading up here.
The gnoll hits you with a +0 spear!
The gnoll hits you from afar with a +0 halberd.
* * * LOW HITPOINT WARNING * * *
You climb upwards.
There is a stone staircase leading down here.
The gnoll hits you with a +0 spear.
* * * LOW HITPOINT WARNING * * *
The gnoll hits you from afar with a +0 spear.
* * * LOW HITPOINT WARNING * * *
You feel better. The gnoll closely misses you.
The gnoll hits you from afar with a +0 spear!
You die...

#.#.#.###.###.### #.
#.##..# #.......# #.
#.###.###.###.#.#######.
###.####...##
#...........
#.....##...##
###.........
#######.#.#.#.....##
#########.
#..................# #.
#.#####.#.#.#g....## #.
#.# #.....##.@.## #. #.#
###.......## #. #.#
######.### #.
#.############(..## #.
#..............#..# #.
#..#########(..##.## #(
#>.###### #....##.##
###. #.......#
#.....##.## #...
##.####.# ##.....##.##
#.#.


You could see a gnoll.

Vanquished Creatures
  An adder (D:2)
  A dart slug (D:1)
  A goblin (D:2)
  2 hobgoblins
  5 bats
  A frilled lizard (D:1)
  A kobold (D:1)
  2 rats
14 creatures vanquished.

Notes
Turn   | Place    | Note
-------+----------+-------------------------------------------
     0 | D:1      | Lusmu the Merfolk Ice Elementalist began the quest for the
                  | Orb.
     0 | D:1      | Reached XP level 1. HP: 13/13 MP: 3/3
   321 | D:1      | Reached XP level 2. HP: 12/19 MP: 0/5
  1077 | D:2      | Found a faded altar of an unknown god.
  1105 | D:2      | Became a worshipper of Dithmenos the Shadowed
  1105 | D:2      | Reached * piety under Dithmenos
  1172 | D:2      | Reached XP level 3. HP: 24/24 MP: 2/6
  1205 | D:1      | HP: 1/24 [gnoll/+0 spear (2)]
  1226 | D:1      | Slain by a gnoll

Action                   || total
-------------------------++-------
Melee: Unarmed           ||    12
 Cast: Freeze            ||    21
  Use: Scroll            ||     3
       Potion            ||     1
 Stab: Sleeping          ||     3
Armor: Robe              ||     5
       Leather armour    ||     3
Dodge: Dodged            ||    13
